 Dungeon Crawl Stone Soup version 0.29.1-4-g47bece8355 (webtiles) character file.

Game seed: 5874521318956907957

147 zeram the Chopper (level 5, -3/46 HPs)
             Began as a Hill Orc Fighter on Dec 11, 2022.
             Was an Initiate of Gozag.
             Incinerated by a red very ugly thing (7 damage)
             ... on level 3 of the Abyss.
             The game lasted 00:03:43 (2617 turns).

zeram the Chopper (Hill Orc Fighter)                Turns: 2617, Time: 00:03:43

Health: -3/46      AC:  7    Str: 21    XL:     5   Next: 29%
Magic:  5/5        EV:  9    Int:  8    God:    Gozag
Gold:   216        SH:  4    Dex: 10    Spells: 4/4 levels left

rFire   . . .      SeeInvis .   a - +0 war axe
rCold   . . .      Faith    .   c - +0 buckler
rNeg    . . .      Spirit   .   b - +0 scale mail
rPois   .          Reflect  .   (no helmet)
rElec   .          Harm     .   (no cloak)
rCorr   .          Rampage  .   (no gloves)
Will    .....                   (no boots)
Stlth   ..........              (no amulet)
HPRegen 0.15/turn               (no ring)
MPRegen 0.09/turn               (no ring)

@: on fire, glowing
A: no striking features
a: Renounce Religion, Potion Petition, Call Merchant, Bribe Branch


You were on level 3 of the Abyss.
You worshipped Gozag.
Gozag was aware of your devotion.
You visited 1 branch of the dungeon, and saw 3 of its levels.
You visited the Abyss 1 time.

You collected 280 gold pieces.
You paid 64 gold pieces to Gozag.

Inventory:

Hand Weapons
 a - a +0 war axe (weapon)
Armour
 b - a +0 scale mail (worn)
 c - a +0 buckler (worn)
Jewellery
 o - an amulet of the acrobat
Scrolls
 e - 3 scrolls of identify {unknown}
 i - 5 scrolls of teleportation {unknown}
 j - a scroll of blinking {unknown}
 l - a scroll of poison {unknown}
Potions
 f - a potion of haste {unknown}
 g - a potion of heal wounds {unknown}
 h - 2 potions of curing {unknown}
 k - a potion of flight {unknown}
 m - a potion of degeneration {unknown}
 n - a potion of lignification {unknown}
 p - a potion of mutation {unknown}
 q - 2 potions of magic {unknown}
 r - a potion of resistance {unknown}


   Skills:
 + Level 4.2 Fighting
 + Level 4.8 Axes
 + Level 4.2 Armour
 + Level 0.6 Dodging
 + Level 0.5 Stealth
 + Level 3.8 Shields


You had 4 spell levels left.
You didn't know any spells.
Your spell library contained the following spells:

 Spells                   Type           Power      Damage    Failure   Level
 Inner Flame              Hex/Fire       0%         N/A       99%         3
 Cause Fear               Hex            0%         N/A       100%        4
 Discord                  Hex            0%         N/A       100%        8


Dungeon Overview and Level Annotations

Branches:
Dungeon (3/15)

Altars:
Gozag
Lugonu

Portals:
Abyss: D:3


Message History

The kobold closely misses you.
The kobold hits you with a +2 short sword of distortion.
You are cast into the Abyss!
This branch contains the abyssal rune of Zot.
Found a gateway leading deeper into the Abyss.
A raiju comes into view.
The raiju barks!
The raiju bursts into living lightning!
The living lightning hits you!
The raiju blinks! x2
The raiju attacks as you move away! The raiju bites you but does no damage.
The raiju bursts into living lightning!
The living lightning misses you.
The raiju blinks!
There is a gateway leading deeper into the Abyss here.
You plunge deeper into the Abyss.
Found a gateway leading deeper into the Abyss.
Unknown command.
Found a gateway leading deeper into the Abyss.
There is a gateway leading deeper into the Abyss here.
You plunge deeper into the Abyss.
The abyssal rune of Zot can be found at this depth.
You feel a little less mighty now.
The red very ugly thing gurgles horribly!
The ynoxinul bellows!
A lurking horror comes into view.
The ynoxinul barely misses you. The red very ugly thing pecks you!!
Ouch! That really hurt!
* * * LOW HITPOINT WARNING * * *
You are covered in liquid flames.
You are covered in liquid flames!
You hear a chilling moan.
Unknown command.
Unknown command.
Unknown command.
Unknown command.
You slash the red very ugly thing!
The red very ugly thing is lightly wounded.
You hit the ynoxinul.
You are covered in liquid flames!
You die...
Your body crumbles into a pile of gold.

## ##
#.## ..#
#. .#.#
#.. .#
...#
..##.#
... ..#..
#..
#§§§§.§
*§.§3§#
#§u@.#
#####...#
#.## #.#
.# . . ..


You could see a red very ugly thing, a ynoxinul and a lurking horror.

Vanquished Creatures
  7 gnolls
  2 adders
  2 worms (D:3)
  A dart slug (D:1)
  2 ball pythons
  3 endoplasms
  A giant cockroach (D:1)
  7 goblins
  2 hobgoblins
  2 jackals (D:1)
  8 kobolds
  3 quokkas
  9 bats
  4 frilled lizards
  5 rats (D:1)
58 creatures vanquished.

Vanquished Creatures (others)
  3 plants (D:1)
3 creatures vanquished.

Grand Total: 61 creatures vanquished

Notes
Turn   | Place    | Note
-------+----------+-------------------------------------------
     0 | D:1      | zeram the Hill Orc Fighter began the quest for the Orb.
     0 | D:1      | Reached XP level 1. HP: 19/19 MP: 1/1
    78 | D:1      | Reached XP level 2. HP: 25/27 MP: 2/2
   491 | D:1      | Reached XP level 3. HP: 27/33 MP: 3/3
   915 | D:2      | Reached XP level 4. HP: 36/40 MP: 4/4
  1737 | D:2      | Reached XP level 5. HP: 44/46 MP: 5/5
  1982 | D:3      | Found a large runed translucent door.
  1982 | D:3      | Found a large runed translucent door.
  1985 | D:3      | Found a corrupted altar of Lugonu.
  2008 | D:3      | Found an opulent altar of Gozag.
  2022 | D:3      | Became a worshipper of Gozag Ym Sagoz the Greedy
  2496 | D:3      | Found a one-way gate to the infinite horrors of the Abyss.
  2545 | Abyss:1  | Cast into level 1 of the Abyss (kobold)
  2573 | Abyss:1  | Noticed a raiju
  2615 | Abyss:3  | Noticed a red very ugly thing
  2615 | Abyss:3  | Noticed a ynoxinul
  2617 | Abyss:3  | Incinerated by a red very ugly thing

Illustrated notes

Levels and vault maps discovered:
D:1:      amcnicky_arrival_feature_with_door, layout_basic, minmay_liquid_box,
          serial_bayou_lagoon_a, minmay_split_cup_large
D:2:      layout_basic
D:3:      due_chaos_kobolds, layout_rooms, grunt_gozag_statues
Abyss:3:  base:
D:3

Skill      XL: |  1  2  3  4 |
---------------+-------------+-----
Axes           | 3 4 |  4.8
Fighting       | 4 |  4.2
Armour         | 4 |  4.2
Dodging        | |  0.6
Stealth        | |  0.5
Shields        | |  3.8

Action                   |  1- 3 |  4- 6 || total
-------------------------+-------+-------++-------
Melee: War axe           |    73 |    71 ||   144
  Use: Potion            |       |     1 ||     1
Armor: Scale mail        |    50 |    32 ||    82
Dodge: Dodged            |    53 |    35 ||    88
Block: Buckler           |    25 |    12 ||    37
